 Dungeon Crawl Stone Soup version 0.32-a0-981-g384da2ce10 (webtiles) character file.

Game seed: 10472577536784018561

2 draino the Grave Robber (level 1, 0/11 (14) HPs)
             Began as a Mountain Dwarf Necromancer on Apr 21, 2024.
             Slain by a spectral hobgoblin (3 damage)
             ... on level 1 of the Dungeon.
             The game lasted 00:01:02 (142 turns).

draino the Grave Robber (Mountain Dwarf Necromancer) Turns: 142, Time: 00:01:03

HP:   0/11 (14)     AC:  2    Str: 10    XL:     1   Next: 25%
MP:   3/3           EV: 10    Int: 15    God:
Gold: 31            SH:  0    Dex: 10    Spells: 2/3 levels left

rFire   . . .        (no weapon)
rCold   . . .        (no shield)
rNeg    . . .        a - +0 robe
rPois   .            (no helmet)
rElec   .            (no cloak)
rCorr   .            (no gloves)
SInv    .            (no boots)
Will    .....        (no amulet)
Stlth   ++           (no ring)
HPRegen 0.21/turn    (no ring)
MPRegen 0.08/turn

%: no passive effects
@: heavily drained
A: runic magic, artefact enchanting
a: no special abilities


You were on level 1 of the Dungeon.
You visited 1 branch of the dungeon, and saw 1 of its levels.

You collected 31 gold pieces.

Inventory:

Armour
 a - a +0 robe (worn)
Potions
 b - a potion of magic


   Skills:
 * Level 0.2 Fighting
 + Level 0.0 Armour
 - Level 1.3 Dodging
 - Level 1.4 Stealth
 + Level 1.8 Spellcasting
 * Level 4.4 Necromancy


You had 2 spell levels left.
You knew the following spells:

 Your Spells              Type           Power      Damage    Failure   Level
a - Necrotise             Necr           56%        1d6       3%          1

Your spell library contained the following spells:

 Spells                   Type           Power      Damage    Failure   Level
 Vampiric Draining        Necr           14%        2d7       11%         3
 Animate Dead             Necr           14%        N/A       36%         4
 Curse of Agony           Necr           14%        N/A       71%         5


Dungeon Overview and Level Annotations

Branches:
Dungeon (1/15)

Altars:


Innate Abilities, Weirdness & Mutations

Your spellcasting is much less encumbered by armour.
You can use scrolls of enchantment on lesser artefacts.


Message History

The spectral hobgoblin barely misses you.
You hit the spectral hobgoblin but do no damage.
You punch the spectral hobgoblin.
The spectral hobgoblin is heavily damaged.
The spectral hobgoblin closely misses you.
You hit the spectral hobgoblin but do no damage.
The spectral hobgoblin is heavily damaged.
The spectral hobgoblin misses you.
You hit the spectral hobgoblin but do no damage.
The spectral hobgoblin is heavily damaged.
The spectral hobgoblin hits you but does no damage.
You hit the spectral hobgoblin.
The spectral hobgoblin is severely damaged.
The spectral hobgoblin barely misses you.
You hit the spectral hobgoblin but do no damage.
The spectral hobgoblin is severely damaged.
The spectral hobgoblin hits you.
You hit the spectral hobgoblin but do no damage.
The spectral hobgoblin is heavily damaged.
The spectral hobgoblin hits you.
You feel drained.
You hit the spectral hobgoblin but do no damage.
The spectral hobgoblin is heavily damaged.
The spectral hobgoblin closely misses you.
You barely miss the spectral hobgoblin.
The spectral hobgoblin is heavily damaged.
The spectral hobgoblin barely misses you.
You hit the spectral hobgoblin but do no damage.
The spectral hobgoblin is heavily damaged.
The spectral hobgoblin hits you.
You feel drained.
You hit the spectral hobgoblin.
The spectral hobgoblin is severely damaged.
The spectral hobgoblin hits you.
You feel drained.
You hit the spectral hobgoblin but do no damage.
The spectral hobgoblin is severely damaged.
The spectral hobgoblin hits you.
* * * LOW HITPOINT WARNING * * *
You hit the spectral hobgoblin but do no damage.
The spectral hobgoblin is severely damaged.
The spectral hobgoblin hits you.
You die...

~#####~#~
~~._~~~~ #.#
~~...~#~#~#
..~.~#.~.#
~~.~~.#.#
..~#...#
.~##+++Z#~~..#
....~..@.~...#
...##........#
#........#
####...###
#.### #.# #.#
#.# ##########
#.# #........#


You could see a spectral hobgoblin.

Vanquished Creatures
  A ball python (D:1)
  A bat (D:1)
2 creatures vanquished.

Notes
Turn   | Place    | Note
-------+----------+-------------------------------------------
     0 | D:1      | draino the Mountain Dwarf Necromancer began the quest for
                  | the Orb.
     0 | D:1      | Reached XP level 1. HP: 14/14 MP: 3/3
   123 | D:1      | Found a faded altar of an unknown god.
   142 | D:1      | Slain by a spectral hobgoblin

Illustrated notes

Levels and vault maps discovered:
D:1:      lightli_arrival_boilingwater, layout_basic,
          dreamdust_ecumenical_altar_drowned_temple

Action                     || total
---------------------------++-------
  Melee: Unarmed           ||    20
         Punch             ||     1
   Cast: Necrotise         ||     2
 Armour: Robe              ||    17
  Dodge: Dodged            ||    13

Table legend: (Time is in decaauts)
 A = Elapsed time spent in this place.
 B = Non-inter-level travel time spent in this place.
 C = Inter-level travel time spent in this place.
 D = Time resting spent in this place.
 E = Time spent auto-exploring this place.
 F = Levels seen in this place.
 G = Mean time per level.
                   A        B        C        D        E       F      G
               +--------+--------+--------+--------+--------+-----+--------+
         Total |    145 |    145 |      0 |     12 |     77 |   1 |  145.0 |
       Dungeon |    145 |    145 |      0 |     12 |     77 |   1 |  145.0 |
               +--------+--------+--------+--------+--------+-----+--------+

Top non-repeatable levels by time:
     D:1: 145 daAuts
